AoeStats
← GhostPants

MegaRandom

510159400Analyzed
3v3 RM · 1d ago on Sep 29, 2026· 45m 9s· 6 players
Game mode
Random Map
Map size
Normal (6 player)
Population
200
Speed
Normal
Resources
Standard
Victory
Conquest
Starting age
Dark Age
Ending age
Imperial Age
RankedLock teamsTeams togetherTeam positionsShared explorationLock speedFull tech treeHidden civsTurbo modeCheats
Victory
Defeat
🇩🇪 Persians · Germany
1187
+10
🇩🇪 Franks · Germany
990
+18
🇩🇪 Khmer · Germany
897
+21
🇨🇾 Hindustanis · Cyprus
1054
-17
🇨🇾 Burgundians · Cyprus
1027
-16
🇨🇾 Franks · Cyprus
1014
-16
AirLuc
10:05 Loom
12:54 Feudal Age
13:37 Fishing Lines
17:00 Double-Bit Axe
18:20 Wheelbarrow
19:36 Gold Mining
19:37 Stone Mining
24:23 Castle Age
22:19 Fletching
25:28 Medium Warships
25:08 Gillnets
25:52 Husbandry
26:03 Bodkin Arrow
26:14 Scale Barding Armor
26:20 Forging
26:26 Bow Saw
29:03 Ballistics
28:58 Careening
29:01 Clinker Construction
31:48 Chain Barding Armor
32:04 Iron Casting
31:49 Hand Cart
39:41 Imperial Age
36:57 Town Watch
40:04 Gold Shaft Mining
39:47 Cavalier
41:06 Plate Barding Armor
41:31 Blast Furnace
40:33 Scale Mail Armor
42:40 Chemistry
41:51 Masonry
41:48 Siege Engineers
41:55 Fortified Wall
massimo_oddo
8:36 Loom
10:49 Feudal Age
15:14 Castle Age
13:43 Double-Bit Axe
15:59 Bow Saw
17:05 Wheelbarrow
19:48 Horse Collar
22:45 Fervor
29:56 Imperial Age
28:05 Gold Mining
28:30 Bloodlines
29:10 Scale Barding Armor
29:16 Forging
31:35 Two-Man Saw
30:38 Heavy Plow
31:49 Chain Barding Armor
32:04 Iron Casting
32:07 Crop Rotation
34:38 Conscription
35:37 Husbandry
35:03 Elite War Elephant
39:18 Kamandaran
40:52 Chemistry
40:04 Masonry
39:52 Fletching
40:38 Plate Barding Armor
41:03 Blast Furnace
40:05 Crossbowman
40:50 Thumb Ring
40:43 Bodkin Arrow
40:49 Padded Archer Armor
41:43 Citadels
45:13 Leather Archer Armor
45:20 Ballistics
45:32 Architecture
Cashflow21
5:21 Loom
12:22 Feudal Age
17:00 Castle Age
16:36 Horse Collar
17:43 Double-Bit Axe
19:45 Heavy Plow
20:50 Bow Saw
20:57 Stone Mining
23:57 Gold Mining
25:21 Scale Barding Armor
28:29 Husbandry
30:19 Wheelbarrow
30:15 Chain Barding Armor
30:06 Forging
31:56 Tusk Swords
33:00 Gold Shaft Mining
33:01 Stone Shaft Mining
36:24 Imperial Age
34:35 Iron Casting
36:10 Hand Cart
36:34 Elite Ballista Elephant
37:36 Conscription
36:58 Pikeman
38:05 Ballistics
38:46 Chemistry
38:05 Caravan
39:06 Bloodlines
38:44 Halberdier
39:25 Town Watch
40:18 Plate Barding Armor
40:44 Blast Furnace
40:02 Double Crossbow
41:40 Heavy Scorpion
42:47 Arson
43:24 Murder Holes
43:37 Siege Engineers
43:44 Masonry
44:09 Crop Rotation
Freaky GHOSTMAN cY
11:45 Feudal Age
10:10 Loom
13:47 Double-Bit Axe
18:46 Castle Age
18:39 Forging
19:53 Fishing Lines
20:27 Bloodlines
20:18 Husbandry
21:03 Gold Mining
21:29 Bow Saw
21:15 Horse Collar
25:48 Stone Mining
26:08 Heavy Plow
26:50 Town Watch
29:04 Wheelbarrow
33:21 Imperial Age
31:16 Fortified Wall
32:11 Gold Shaft Mining
32:25 Hand Cart
33:08 Murder Holes
33:36 Scale Barding Armor
34:58 Conscription
34:44 Grand Trunk Road
35:49 Chemistry
35:27 Iron Casting
35:13 Chain Barding Armor
35:27 Heavy Camel Rider
37:02 Caravan
38:29 Blast Furnace
38:05 Plate Barding Armor
37:14 Imperial Camel Rider
38:38 Ballistics
38:29 Masonry
40:12 Two-Man Saw
40:08 Siege Engineers
43:43 Fletching
44:56 Thumb Ring
GhostPants
4:00 Loom
13:16 Feudal Age
14:46 Double-Bit Axe
16:43 Wheelbarrow
21:04 Castle Age
20:12 Scale Barding Armor
20:19 Forging
21:59 Bow Saw
21:19 Pikeman
22:37 Chain Barding Armor
22:49 Husbandry
25:47 Medium Warships
32:27 Imperial Age
30:41 Ballistics
33:05 Hand Cart
33:00 Squires
34:51 Chemistry
34:09 Fortified Wall
34:07 Siege Engineers
33:51 Town Watch
34:16 Halberdier
35:41 Scale Mail Armor
35:35 Fletching
37:18 Chain Mail Armor
37:38 Iron Casting
37:40 Plate Barding Armor
37:06 Padded Archer Armor
37:56 Gold Mining
37:56 Stone Mining
38:22 Arson
39:03 Cavalier
40:54 Blast Furnace
40:27 Plate Mail Armor
45:06 Conscription
Polis
9:58 Double-Bit Axe
14:09 Fishing Lines
17:23 Feudal Age
20:52 Castle Age
20:02 Bow Saw
20:26 Gillnets
24:17 Wheelbarrow
23:27 Town Watch
30:01 Hand Cart
30:54 Two-Man Saw
30:34 Scale Mail Armor
30:47 Forging
31:50 Squires
31:21 Pikeman
33:05 Town Patrol
32:54 Loom
33:33 Arson
34:27 Iron Casting
34:08 Chain Mail Armor
33:44 Fletching
42:00 Imperial Age
42:57 Bodkin Arrow
Connection lost

Rejoining the realm…

Still unreachable

The connection could not be restored.

Session expired

The server has moved on; the page needs a fresh start.